 Dungeon Crawl Stone Soup version 0.21-a0-633-g4c047d5f35 (webtiles) character file.

56 4tharraofdagon the Ducker (level 3, -2/19 HPs)
             Began as a Spriggan Abyssal Knight on Dec 28, 2017.
             Was a Follower of Lugonu.
             Shot with an arrow by a centaur (14 damage)
             ... on level 5 of the Dungeon.
             The game lasted 00:03:45 (837 turns).

4tharraofdagon the Ducker (Spriggan Abyssal Knight)  Turns: 837, Time: 00:03:46

Health: -2/19      AC:  3    Str:  8    XL:     3   Next: 71%
Magic:  5/5        EV: 19    Int: 14    God:    Lugonu [*.....]
Gold:   110        SH:  0    Dex: 15    Spells: 2/2 levels left

rFire    . . .     SeeInvis +   i - +3 dagger
rCold    . . .     Gourm    .   (shield restricted)
rNeg     . . .     Faith    .   o - +0 robe (curse)
rPois    .         Spirit   .   (helmet restricted)
rElec    .         Reflect  .   k - +0 cloak
rCorr    .         Harm     .   (gloves unavailable)
MR       .....                  (boots unavailable)
Stlth    +++.......             (no amulet)
HPRegen  0.06/turn              (no ring)
MPRegen  0.09/turn              (no ring)

@: very quick
A: very small, unfitting armour, see invisible, herbivore, speed 3, slow
metabolism 2
a: Depart the Abyss, Renounce Religion


You were on level 5 of the Dungeon.
You worshipped Lugonu.
Lugonu was aware of your devotion.
You were not hungry.

You visited 1 branch of the dungeon, and saw 5 of its levels.
You visited the Abyss 1 time.

You collected 110 gold pieces.

Inventory:

Hand Weapons
 a - a +1 short sword
 i - a +3 dagger (weapon)
 p - the +3 war axe of Dried Tears {venom, MP+9}
   (You found it on level 4 of the Dungeon)

   It poisons the flesh of those it strikes.
   It affects your magic capacity (+9).
Armour
 b - a +0 robe
 k - a +0 cloak (worn)
 o - a cursed +0 robe (worn)
Wands
 g - a wand of enslavement (10)
Scrolls
 d - a scroll of remove curse
 f - 2 scrolls of fog {unknown}
 m - 2 scrolls of enchant weapon {unknown}
 s - a scroll of fear {unknown}
 t - a scroll of teleportation {unknown}
Potions
 e - a potion of curing {unknown}
 h - a potion of magic {unknown}
 j - 2 potions of degeneration {unknown}
 l - a potion of mutation {unknown}
 n - a potion of resistance {unknown}
 q - a potion of haste {unknown}
 r - a potion of experience {unknown}
Comestibles
 c - 2 rations


   Skills:
 - Level 2.4 Fighting
 - Level 2.2 Short Blades
 + Level 4.5 Dodging
 * Level 4.2 Stealth
 - Level 2.0 Invocations


You had 2 spell levels left.
You didn't know any spells.

Dungeon Overview and Level Annotations

Branches:
Dungeon (5/15)
 Temple: D:4-7

Altars:


Innate Abilities, Weirdness & Mutations

You are very small and have problems with some larger weapons.
You are too small for most types of armour.
You have supernaturally acute eyesight. (SInv)
You are a herbivore.
You cover ground extremely quickly.
You need consume almost no food.


Message History

You open the door.
Found a scroll labeled KOCOUR MAUMUKHAU.
There is an open door here.
Found an escape hatch in the ceiling.
An iguana comes into view.
You see here a scroll labeled KOCOUR MAUMUKHAU.
s - a scroll labeled KOCOUR MAUMUKHAU The iguana hisses angrily.
Found a scroll labeled ZAYLUPSIHEO.
Found a stone staircase leading down.
t - a scroll labeled ZAYLUPSIHEO
There are no items here.
You open the door.
A centaur comes into view.
There is an open door here.
Unknown command.
An orc comes into view.
The centaur shouts!
The centaur wields a shortbow.
The centaur shoots an arrow.
The arrow hits you!
Ouch! That really hurt!
You die...

##...o...
##.......##
#.........#
+.....c...+
#.........#
#.......# ##
#.....# ...
#..@# .#..
##'## ..#####.#
........######.
.##.#...>......
#......######
#.#####.......#
.............##
.#####.....##


You could see a centaur and an orc (wandering).

Vanquished Creatures
  A hound skeleton (D:4)
  An orc (D:3)
  7 giant cockroaches (D:3)
  2 goblins
  3 hobgoblins
  A ball python (D:4)
  3 bats
  A frilled lizard (D:3)
  A rat (D:3)
20 creatures vanquished.

Vanquished Creatures (collateral kills)
  A howler monkey (D:4)
1 creature vanquished.

Vanquished Creatures (others)
  A hound (D:4)
1 creature vanquished.

Grand Total: 22 creatures vanquished

Notes
Turn   | Place    | Note
-------+----------+-------------------------------------------
     0 | Abyss:1  | 4tharraofdagon the Spriggan Abyssal Knight began the quest for the Orb.
     0 | Abyss:1  | Reached XP level 1. HP: 11/11 MP: 3/3
    17 | Abyss:1  | Noticed a slime creature
    38 | Abyss:1  | Noticed a slime creature
    97 | Abyss:2  | Noticed a shadow demon
   119 | Abyss:2  | Noticed a small abomination
   127 | Abyss:2  | Noticed a starcursed mass
   131 | Abyss:2  | Noticed a worldbinder
   131 | Abyss:2  | Noticed a worldbinder
   131 | Abyss:2  | Noticed an apocalypse crab
   135 | Abyss:2  | Noticed an apocalypse crab
   135 | Abyss:2  | Noticed an ophan
   136 | D:1      | Escaped the Abyss
   265 | D:1      | Reached * piety under Lugonu
   265 | D:1      | Reached skill level 1 in Stealth
   349 | D:3      | Reached XP level 2. HP: 7/16 MP: 4/4
   605 | D:4      | Noticed a howler monkey
   621 | D:4      | Got a transparent war axe
   622 | D:4      | Identified the +3 war axe of Dried Tears {venom, MP+9} (You found it on level 4 of the Dungeon)
   646 | D:4      | Killed a howler monkey
   646 | D:4      | Reached XP level 3. HP: 5/19 MP: 5/5
   789 | D:5      | Entered Level 5 of the Dungeon
   835 | D:5      | Noticed a centaur
   837 | D:5      | Shot with an arrow by a centaur

Vault maps used:
D:1:      dpeg_arrival_rooms_b
D:2:      fiery_altar_vehumet, first_ration, minmay_crystal_water, uniq_jessica,
          uniq_robin
D:3:      minmay_roachtagon, lemuel_round_altar
D:4:      nicolae_ashenzari_panopticon, minmay_temple_entry_statues
D:5:      serial_glass, glass_columns_a, glass_columns_a, glass_columns_a,
          glass_columns_a, glass_columns_c, glass_columns_c, minmay_checkerbox
Abyss:2:  minivault_4

Skill      XL: |  1  2  3 |
---------------+----------+-----
Stealth        | 1 3 4 |  4.2
Invocations    | 2 |  2.0
Dodging        | 4 |  4.5
Fighting       | |  2.4
Short Blades   | |  2.2

Action                   || total
-------------------------++-------
Melee: Dagger            ||    74
       Short sword       ||     5
Invok: Depart the Abyss  ||     1
Evoke: Wand              ||     3
  Use: Scroll            ||     3
 Stab: Sleeping          ||     2
Armor: Robe              ||    12
Dodge: Dodged            ||    60

Table legend:
 A = Spawn XP
 B = Non-spawn XP
 C = Spawn XP percentage of total XP
 D = Spawn monster count
 E = Non-spawn monster count
 F = Spawn count percentage of total count
 G = Total turns spent on level
                    A         B        C        D         E        F      G
               +---------+---------+-------+---------+---------+-------+---------
         Total |       0 |      81 |   0.0 |       0 |      21 |   0.0 |   837
               +---------+---------+-------+---------+---------+-------+---------
           D:1 |       0 |       5 |   0.0 |       0 |       4 |   0.0 |   156
           D:3 |       0 |      26 |   0.0 |       0 |      14 |   0.0 |   296
           D:4 |       0 |      50 |   0.0 |       0 |       3 |   0.0 |   198
               +---------+---------+-------+---------+---------+-------+---------

Vault maps used:
D:1:      dpeg_arrival_rooms_b
D:2:      fiery_altar_vehumet, first_ration, minmay_crystal_water, uniq_jessica,
          uniq_robin
D:3:      minmay_roachtagon, lemuel_round_altar
D:4:      nicolae_ashenzari_panopticon, minmay_temple_entry_statues
D:5:      serial_glass, glass_columns_a, glass_columns_a, glass_columns_a,
          glass_columns_a, glass_columns_c, glass_columns_c, minmay_checkerbox
Abyss:2:  minivault_4
